 Dungeon Crawl Stone Soup version 0.22.0-49-gab54619 (webtiles) character file.

32 Folque the Vexing (level 3, 0/33 HPs)
             Began as an Ogre Arcane Marksman on Sept 6, 2018.
             Slain by an adder (5 damage)
             ... on level 1 of the Dungeon.
             The game lasted 00:05:17 (1604 turns).

Folque the Vexing (Ogre Arcane Marksman)            Turns: 1604, Time: 00:05:18

Health: 0/33       AC:  3    Str: 14    XL:     3   Next: 25%
Magic:  2/6        EV: 15    Int: 14    God:
Gold:   98         SH:  0    Dex: 15    Spells: 0/6 levels left

rFire    . . .     SeeInvis .   e - +0 short sword
rCold    . . .     Gourm    .   (no shield)
rNeg     . . .     Faith    .   a - +0 robe
rPois    .         Spirit   .   (helmet restricted)
rElec    .         Reflect  .   (no cloak)
rCorr    .         Harm     .   (gloves unavailable)
MR       .....                  (boots unavailable)
Stlth    ++........             (no amulet)
HPRegen  0.11/turn              (no ring)
MPRegen  0.10/turn              (no ring)

@: agile, lethally poisoned (0 -> -7), portal projectile
A: large, unfitting armour, tough skin 1
a: Cancel Portal Projectile


You were on level 1 of the Dungeon.
You were not hungry.

You visited 1 branch of the dungeon, and saw 2 of its levels.

You collected 98 gold pieces.

Inventory:

Hand Weapons
 e - a +0 short sword (weapon)
 g - a +0 hunting sling
Missiles
 b - 7 javelins (quivered)
 d - 2 throwing nets
Armour
 a - a +0 robe (worn)
 m - a +1 hat
Jewellery
 j - an uncursed ring of fire {unknown}
Scrolls
 k - a scroll of teleportation {unknown}
 l - a scroll of remove curse {unknown}
Potions
 h - a potion of cancellation {unknown}
 n - a potion of agility
Comestibles
 f - 3 rations
 o - 2 chunks of flesh


   Skills:
 - Level 1.3 Fighting
 * Level 2.5 Throwing
 - Level 1.7 Dodging
 + Level 2.3 Spellcasting
 - Level 3.0 Hexes
 * Level 0.3 Translocations


You couldn't memorise any spells.
You knew the following spells:

 Your Spells              Type           Power        Failure   Level  Hunger
a - Corona                Hex            ##.....      7%          1    #......
b - Slow                  Hex            ##......     10%         2    ###....
c - Portal Projectile     Hex/Tloc       #.....       34%         3    ###....

Your spell library contained the following spells:

 Spells                   Type           Power        Failure   Level  Hunger
 Inner Flame              Hex/Fire       #.......     36%         3    ###....
 Cause Fear               Hex            ##........   54%         4    #####..
 Leda's Liquefaction      Hex/Erth       #.........   77%         4    #####..


Dungeon Overview and Level Annotations

Branches:
Dungeon (2/15)

Altars:


Innate Abilities, Weirdness & Mutations

You are too large for most types of armour.
You have tough skin. (AC +1)


Message History

It was a potion of curing.
You feel better. The adder closely misses you. The adder bites you.
Casting: Corona (safe; 7% risk of failure)
Confirm with . or Enter, or press ? or * to list all spells.
You begin teleporting projectiles to their destination.
The adder misses you. The adder closely misses you. The adder bites you.
You are poisoned.
The adder poisons you!
Throwing (i - inventory. (/) - cycle)
c - a large rock (quivered)
Press: ? - help, Shift-Dir - straight line, f/p - adder
Aim: an adder You magically throw a large rock.
The large rock closely misses the adder.
You feel sick. The adder bites you.
* * * LOW HITPOINT WARNING * * *
The adder barely misses you. The adder bites you.
* * * LOW HITPOINT WARNING * * *
You are lethally poisoned!
The adder poisons you! The adder barely misses you. The adder bites you.
You die...

###.# #.#.#####
#...# #.#
#(#.....###...#
#.#
#.###.......###
#.# #.# #.......#
#.####.###.......#
#....#.#.+.......#
####.#.#.#......)#
#.#S#.........#
#.#@###......##
#.#S# #......#
#.#.# #####(##
#.#.# #(# #.#.#
#.# ###.# #.#
#...# #.#####
#.### #.....# #.#
#.....#


You could see 2 adders.

Vanquished Creatures
  A leopard gecko (D:2)
  A giant cockroach (D:1)
  A goblin (D:1)
  3 hobgoblins (D:1)
  12 jackals
  2 frilled lizards (D:1)
  3 kobolds
  3 rats (D:1)
26 creatures vanquished.

Notes
Turn   | Place    | Note
-------+----------+-------------------------------------------
     0 | D:1      | Folque the Ogre Arcane Marksman began the quest for the
                  | Orb.
     0 | D:1      | Reached XP level 1. HP: 19/19 MP: 2/2
    58 | D:1      | Reached XP level 2. HP: 8/27 MP: 1/5
    87 | D:1      | Learned a level 2 spell: Slow
   967 | D:1      | Reached skill level 3 in Hexes
  1422 | D:2      | Reached XP level 3. HP: 30/33 MP: 4/6
  1427 | D:2      | Learned a level 3 spell: Portal Projectile
  1604 | D:1      | Slain by an adder

Skill      XL: |  1  2 |
---------------+-------+-----
Spellcasting   | 2 |  2.3
Hexes          | 3 |  3.0
Fighting       | |  1.3
Throwing       | |  2.5
Dodging        | |  1.7
Translocations | |  0.3

Action                   || total
-------------------------++-------
Melee: Unarmed           ||    25
       Short sword       ||   109
Throw: Large rock        ||     8
 Cast: Corona            ||    25
       Slow              ||     4
       Portal Projectile ||     1
  Use: Potion            ||     2
  Eat: Chunk             ||     3
Armor: Robe              ||    52
Dodge: Dodged            ||   111
